 Dungeon Crawl Stone Soup version 0.19-a0-1637-gfc13266 (webtiles) character file.

256 sveltemanboy the Chucker (level 5, -5/41 HPs)
             Began as a Demonspawn Monk on Sept 19, 2016.
             Slain by an iguana (11 damage)
             ... on level 4 of the Dungeon.
             The game lasted 00:10:13 (4528 turns).

sveltemanboy the Chucker (Demonspawn Monk)          Turns: 4528, Time: 00:10:14

Health: -5/41      AC:  8    Str: 12    XL:     5   Next: 92%
Magic:  5/5        EV:  9    Int: 12    God:
Gold:   157        SH:  0    Dex: 15    Spells: 0 memorised, 4 levels left

rFire  . . .     SeeInvis .       - Unarmed
rCold  + . .     Gourm    .     s - +0 scale mail {rPois}
rNeg   . . .     Faith    .     (no shield)
rPois  +         Spirit   .     (no helmet)
rElec  .         Dismiss  .     (no cloak)
rCorr  .         Reflect  .     d - +0 pair of gloves
MR     +....     Harm     .     o - +0 pair of boots
Stlth  ..........               (no amulet)
                                r - ring of poison resistance
                                t - ring of protection from magic

@: drained
A: cold resistance 1, freezing cloud immunity
a: no special abilities


You were on level 4 of the Dungeon.
You were not hungry.

You visited 1 branch of the dungeon, and saw 4 of its levels.

You collected 157 gold pieces.

Inventory:

Hand Weapons
 a - a +6 flail of draining
Missiles
 c - 91 stones
 y - 2 tomahawks (quivered)
Armour
 d - a +0 pair of gloves (worn)
 o - a +0 pair of boots (worn)
 s - a +0 scale mail of poison resistance (worn)
Jewellery
 r - a ring of poison resistance (right hand)
 t - a ring of protection from magic (left hand)
Scrolls
 g - a scroll of enchant armour {unknown}
 h - 4 scrolls of identify {unknown}
 i - a scroll of fog {unknown}
 j - 2 scrolls of random uselessness {unknown}
 m - a scroll of blinking {unknown}
 n - 2 scrolls of remove curse {unknown}
 p - a scroll of recharging {unknown}
Potions
 f - a potion of degeneration {unknown}
 k - a potion of cure mutation {unknown}
 l - a potion of heal wounds {unknown}
 q - a potion of flight
 x - a potion of ambrosia {unknown}
Comestibles
 b - 4 bread rations
 u - 2 slices of pizza
 w - 3 meat rations


   Skills:
 - Level 3.0(2.2) Fighting
 * Level 0.3(0.0) Maces & Flails
 - Level 3.8(3.0) Throwing
 + Level 3.0(2.2) Armour
 - Level 3.0(2.2) Dodging
 - Level 1.7(0.9) Stealth
 - Level 2.6(1.8) Unarmed Combat


You had 4 spell levels left.
You didn't know any spells.

Dungeon Overview and Level Annotations

Branches:
Dungeon (4/15)
 Temple: D:4-7

Altars:
Gozag
Hepliaklqana
Nemelex Xobeh
Trog


Innate Abilities, Weirdness & Mutations

Your flesh is cold resistant. (rC+)
You are immune to freezing clouds.


Message History

The iguana is almost dead.
The iguana bites you but does no damage.
You completely miss the iguana.
The iguana is almost dead.
The iguana barely misses you.
You closely miss the iguana.
The iguana is almost dead.
The iguana misses you.
You closely miss the iguana.
The iguana is almost dead.
The iguana closely misses you.
It was a potion of flight.
You feel very buoyant.
You fly up into the air.
The iguana bites you but does no damage.
It was a potion of cancellation.
Your magical effects are unravelling.
You feel magically purged.
You float gracefully downwards.
The iguana bites you!
You die...

............
............ ##
..........#######..
..<.......+.....#.#
.<........#.....#.#
..........###'###.#
####......#...###(#
#..#......#.....#l#####.
#..'......#.....@.......
#.##......###.###.###..#
#.###+#.....#.###.##
......#.....'........
......#.....#........
..##.##.....#.###..##
..##.#.....##.# ###
.....#.....#..#
.....#.....#..#


You could see an iguana.

Vanquished Creatures
  A bullfrog skeleton (D:3)
  Terence (D:3)
  Ijyb (D:3)
  7 adders
  3 oozes
  5 worms
  2 dart slugs (D:3)
  6 leopard geckos
  An orc (D:3)
  2 giant cockroaches (D:2)
  6 goblins
  6 hobgoblins
  7 jackals
  9 kobolds
  3 quokkas
  6 bats
  4 frilled lizards (D:1)
  14 rats
84 creatures vanquished.

Notes
Turn   | Place    | Note
-------+----------+-------------------------------------------
     0 | D:1      | sveltemanboy the Demonspawn Monk began the quest for the Orb.
     0 | D:1      | Reached XP level 1. HP: 18/18 MP: 1/1
    42 | D:1      | Reached skill level 1 in Armour
    69 | D:1      | Gained mutation: Your flesh is cold resistant. (rC+) [demonic ancestry]
    69 | D:1      | Reached XP level 2. HP: 24/24 MP: 2/2
   458 | D:1      | Reached skill level 1 in Throwing
  1005 | D:1      | Reached XP level 3. HP: 29/29 MP: 3/3
  1427 | D:2      | Found a sparkling altar of Nemelex Xobeh.
  1716 | D:2      | Reached XP level 4. HP: 23/35 MP: 4/4
  2155 | D:2      | Noticed a moth of wrath
  2158 | D:2      | Found a bloodstained altar of Trog.
  2495 | D:3      | Noticed Ijyb
  2514 | D:3      | Killed Ijyb
  2514 | D:3      | Gained mutation: You are immune to freezing clouds. [demonic ancestry]
  2514 | D:3      | Reached XP level 5. HP: 40/41 MP: 5/5
  2552 | D:3      | Found an opulent altar of Gozag.
  2603 | D:3      | Found a hazy altar of Hepliaklqana.
  3165 | D:3      | Noticed Terence
  3182 | D:3      | Killed Terence
  4528 | D:4      | Slain by an iguana

Vault maps used:
D:1:      minmay_arrival_radiant_lines, serial_bayou_lake_a
D:2:      nemelex_altar_shiori, tgw_trog
D:3:      lemuel_crystal_altar, overflow_temple_1_default, first_bread,
          uniq_terence, uniq_iyjb
D:4:      roderic_serpentine_path, grunt_dithmenos_shadows

Skill      XL: |  1  2  3  4  5 |
---------------+----------------+-----
Armour         | 1 2 3 |  3.0
Throwing       | 1 2 3 |  3.8
Dodging        | 3 |  3.0
Fighting       | |  3.0
Maces & Flails | |  0.3
Stealth        | |  1.7
Unarmed Combat | |  2.6

Action                   |  1- 3 |  4- 6 || total
-------------------------+-------+-------++-------
Melee: Unarmed           |   127 |   299 ||   426
       Punch             |     1 |     5 ||     6
Throw: Stone             |   100 |    46 ||   146
       Tomahawk          |       |    31 ||    31
  Use: Potion            |       |     3 ||     3
 Stab: Sleeping          |     4 |     1 ||     5
  Eat: Chunk             |     3 |     7 ||    10
       Fruit             |       |     2 ||     2
Armor: Robe              |     3 |       ||     3
       Ring mail         |    32 |    74 ||   106
       Scale mail        |       |    22 ||    22
       Skin              |       |     3 ||     3
Dodge: Dodged            |    57 |   136 ||   193
